TOP OF THE 1ST |
Colorado Rockies batting - Pitching for Chicago Cubs : RHP Andrew Cashner
|
Pitching: RHP Andrew Cashner
|
|
Batting: RHB Brett Lawrie
|
0-0: Ball 1-0: Swinging Strike 1-1: Called Strike 1-2: Strikes out swinging
|
Batting: LHB Nick Markakis
|
0-0: Ball 1-0: Swinging Strike 1-1: Ball 2-1: Called Strike 2-2: SOLO HOME RUN (Flyball, 89XD), Distance : 399 ft
|
Batting: RHB Mike Trout
|
0-0: Ball 1-0: SINGLE (Line Drive, 3D)
|
Batting: LHB Tommy La Stella
|
0-0: Called Strike 0-1: Fly out, F3 (Line Drive, 3)
|
Batting: RHB Jordy Mercer
|
0-0: Ball 1-0: Ball 2-0: Ground out 4-3 (Groundball, 4)
|
Top of the 1st over - 1 run, 2 hits, 0 errors, 1 left on base; Colorado 1 - Chicago 0 |
BOTTOM OF THE 1ST |
Chicago Cubs batting - Pitching for Colorado Rockies : RHP Tom Eshelman
|
Pitching: RHP Tom Eshelman
|
|
Batting: SHB Yoan Moncada
|
0-0: Bunt for hit - play at first, batter safe!
|
Batting: RHB Paul DeJong
|
0-0: Swinging Strike 0-1: Foul Ball, location: 2F 0-2: Strikes out swinging
|
Batting: LHB Cody Bellinger
|
0-0: Swinging Strike 0-1: Ball 1-1: Swinging Strike 1-2: Strikes out swinging
|
Batting: RHB Justin Upton
|
0-0: Fly out, F7 (Flyball, 7S)
|
Bottom of the 1st over - 0 runs, 1 hit, 0 errors, 1 left on base; Colorado 1 - Chicago 0 |
TOP OF THE 2ND |
Colorado Rockies batting - Pitching for Chicago Cubs : RHP Andrew Cashner
|
Batting: LHB Jake Bauers
|
0-0: Called Strike 0-1: Called Strike 0-2: Strikes out swinging
|
Batting: RHB Bryce Brentz
|
0-0: Foul Ball, location: 2F 0-1: Ball 1-1: Foul Ball, location: 2F 1-2: Fly out, F3 (Popup, 23F)
|
Batting: SHB Sandy Leon
|
0-0: Called Strike 0-1: Ball 1-1: Foul Ball, location: 2F 1-2: Foul Ball, location: 2F 1-2: Ball 2-2: Ground out 6-3 (Groundball, 6)
|
Top of the 2nd over - 0 runs, 0 hits, 0 errors, 0 left on base; Colorado 1 - Chicago 0 |
BOTTOM OF THE 2ND |
Chicago Cubs batting - Pitching for Colorado Rockies : RHP Tom Eshelman
|
Batting: RHB Zack Cozart
|
0-0: Foul Ball, location: 2F 0-1: Ball 1-1: SOLO HOME RUN (Flyball, 7D), Distance : 392 ft
|
Batting: RHB Stephen Piscotty
|
0-0: Ball 1-0: Swinging Strike 1-1: Foul Ball, location: 2F 1-2: Strikes out swinging
|
Batting: LHB Jason Castro
|
0-0: Ball 1-0: Ball 2-0: Foul Ball, location: 2F 2-1: Foul Ball, location: 2F 2-2: Foul Ball, location: 2F 2-2: Strikes out swinging
|
Batting: LHB Brennon Lund
|
0-0: Bunt for hit - play at first, batter OUT! 1-3
|
Bottom of the 2nd over - 1 run, 1 hit, 0 errors, 0 left on base; Colorado 1 - Chicago 1 |
TOP OF THE 3RD |
Colorado Rockies batting - Pitching for Chicago Cubs : RHP Andrew Cashner
|
Batting: RHB Tom Eshelman
|
0-0: Ball 1-0: Swinging Strike 1-1: Ground out 6-3 (Groundball, 6M)
|
Batting: RHB Brett Lawrie
|
0-0: Ball 1-0: Foul Ball, location: 2F 1-1: Swinging Strike 1-2: Foul Ball, location: 2F 1-2: Foul Ball, location: 2F 1-2: Ground out 4-3 (Groundball, 34)
|
Batting: LHB Nick Markakis
|
0-0: Foul Ball, location: 2F 0-1: Ball 1-1: Swinging Strike 1-2: SINGLE (Groundball, 34D)
|
Batting: RHB Mike Trout
|
0-0: Ground out 4-3 (Groundball, 4)
|
Top of the 3rd over - 0 runs, 1 hit, 0 errors, 1 left on base; Colorado 1 - Chicago 1 |
BOTTOM OF THE 3RD |
Chicago Cubs batting - Pitching for Colorado Rockies : RHP Tom Eshelman
|
Batting: RHB Andrew Cashner
|
0-0: Ball 1-0: Called Strike 1-1: Called Strike 1-2: Ball 2-2: Strikes out looking
|
Batting: SHB Yoan Moncada
|
0-0: Ball 1-0: Called Strike 1-1: Called Strike 1-2: Ground out 4-3 (Groundball, 4)
|
Batting: RHB Paul DeJong
|
0-0: Ground out 4-3 (Groundball, 4)
|
Bottom of the 3rd over - 0 runs, 0 hits, 0 errors, 0 left on base; Colorado 1 - Chicago 1 |
TOP OF THE 4TH |
Colorado Rockies batting - Pitching for Chicago Cubs : RHP Andrew Cashner
|
Batting: LHB Tommy La Stella
|
0-0: Called Strike 0-1: Ball 1-1: Ball 2-1: Ground out 1-3 (Groundball, P)
|
Batting: RHB Jordy Mercer
|
0-0: Ball 1-0: Foul Ball, location: 2F 1-1: Ground out 6-3 (Groundball, 6MS)
|
Batting: LHB Jake Bauers
|
0-0: Called Strike 0-1: SINGLE (Line Drive, 7LS)
|
Batting: RHB Bryce Brentz
|
0-0: SINGLE (Line Drive, 6MD) Jake Bauers to second
|
Batting: SHB Sandy Leon
|
0-0: Called Strike 0-1: Ground out 3-1 (Groundball, 3S)
|
Top of the 4th over - 0 runs, 2 hits, 0 errors, 2 left on base; Colorado 1 - Chicago 1 |
BOTTOM OF THE 4TH |
Chicago Cubs batting - Pitching for Colorado Rockies : RHP Tom Eshelman
|
Batting: LHB Cody Bellinger
|
0-0: Ball 1-0: SOLO HOME RUN (Flyball, 9LD), Distance : 358 ft
|
Batting: RHB Justin Upton
|
0-0: Foul Ball, location: 2F 0-1: Ground out 5-3 (Groundball, 56)
|
Batting: RHB Zack Cozart
|
0-0: Ground out 6-3 (Groundball, 6)
|
Batting: RHB Stephen Piscotty
|
0-0: Foul Ball, location: 2F 0-1: Ball 1-1: Foul Ball, location: 2F 1-2: Reached via error on a dropped throw, E3 (Groundball, 6S)
|
Batting: LHB Jason Castro
|
0-0: Ground out U3 (Groundball, 3)
|
Bottom of the 4th over - 1 run, 1 hit, 1 error, 1 left on base; Colorado 1 - Chicago 2 |
TOP OF THE 5TH |
Colorado Rockies batting - Pitching for Chicago Cubs : RHP Andrew Cashner
|
Batting: RHB Tom Eshelman
|
0-0: Called Strike 0-1: Foul Ball, location: 2F 0-2: Fly out, F9 (Flyball, 89M)
|
Batting: RHB Brett Lawrie
|
0-0: Called Strike 0-1: Called Strike 0-2: Ball 1-2: Ground out 4-3 (Groundball, 4D)
|
Batting: LHB Nick Markakis
|
0-0: Ball 1-0: Ball 2-0: Ball 3-0: Called Strike 3-1: Foul Ball, location: 2F 3-2: Base on Balls
|
Batting: RHB Mike Trout
|
0-0: Swinging Strike 0-1: Ball 1-1: Ball Pickoff Throw to First - Out!
|
Top of the 5th over - 0 runs, 0 hits, 0 errors, 0 left on base; Colorado 1 - Chicago 2 |
BOTTOM OF THE 5TH |
Chicago Cubs batting - Pitching for Colorado Rockies : RHP Tom Eshelman
|
Batting: LHB Brennon Lund
|
0-0: Ball 1-0: Ball 2-0: Called Strike 2-1: Foul Ball, location: 2F 2-2: SINGLE (Flyball, 89S)
|
Batting: RHB Andrew Cashner
|
0-0: Sac Bunt - play at first, batter OUT! 2-4 Brennon Lund to second
|
Batting: SHB Yoan Moncada
|
0-0: Ball 1-0: SINGLE (Groundball, 3L) Brennon Lund to third Runner from 3rd tries for Home, throw and OUT! Yoan Moncada to second
|
Batting: RHB Paul DeJong
|
0-0: Fly out, F8 (Line Drive, 8LD)
|
Bottom of the 5th over - 0 runs, 2 hits, 0 errors, 1 left on base; Colorado 1 - Chicago 2 |
TOP OF THE 6TH |
Colorado Rockies batting - Pitching for Chicago Cubs : RHP Andrew Cashner
|
Batting: RHB Mike Trout
|
0-0: Called Strike 0-1: Ball 1-1: Ball 2-1: Fly out, F7 (Flyball, 78M)
|
Batting: LHB Tommy La Stella
|
0-0: Called Strike 0-1: Swinging Strike 0-2: Strikes out looking
|
Batting: RHB Jordy Mercer
|
0-0: Swinging Strike 0-1: Foul Ball, location: 2F 0-2: Strikes out swinging
|
Top of the 6th over - 0 runs, 0 hits, 0 errors, 0 left on base; Colorado 1 - Chicago 2 |
BOTTOM OF THE 6TH |
Chicago Cubs batting - Pitching for Colorado Rockies : RHP Tom Eshelman
|
Batting: LHB Cody Bellinger
|
0-0: Ball 1-0: Ball 2-0: Ball 3-0: Foul Ball, location: 2F 3-1: Base on Balls
|
Batting: RHB Justin Upton
|
0-0: Called Strike 0-1: Ball 1-1: Fielders Choice at 2nd, 6-4 (Groundball, 56)
|
Batting: RHB Zack Cozart
|
0-0: Grounds into double play, 6-4-3 (Groundball, 6)
|
Bottom of the 6th over - 0 runs, 0 hits, 0 errors, 0 left on base; Colorado 1 - Chicago 2 |
TOP OF THE 7TH |
Colorado Rockies batting - Pitching for Chicago Cubs : RHP Andrew Cashner
|
Batting: LHB Jake Bauers
|
0-0: Called Strike 0-1: Ball 1-1: Ball 2-1: Foul Ball, location: 2F 2-2: Ball 3-2: Foul Ball, location: 2F 3-2: Foul Ball, location: 2F 3-2: Foul Ball, location: 2F 3-2: Ground out 4-3 (Groundball, 4S)
|
Batting: RHB Bryce Brentz
|
0-0: Ball 1-0: Foul Ball, location: 2F 1-1: Ball 2-1: Ground out 6-3 (Groundball, 6S)
|
Batting: SHB Sandy Leon
|
0-0: Called Strike 0-1: Ball 1-1: Ball 2-1: Ball 3-1: Foul Ball, location: 2F 3-2: Foul Ball, location: 2F 3-2: SOLO HOME RUN (Flyball, 9LD), Distance : 360 ft
|
Batting: RHB Tom Eshelman
|
0-0: Ball 1-0: Fly out, F7 (Flyball, 7LM)
|
Top of the 7th over - 1 run, 1 hit, 0 errors, 0 left on base; Colorado 2 - Chicago 2 |
BOTTOM OF THE 7TH |
Chicago Cubs batting - Pitching for Colorado Rockies : RHP Tom Eshelman
|
Batting: RHB Stephen Piscotty
|
0-0: SOLO HOME RUN (Flyball, 8RXD), Distance : 433 ft
|
Batting: LHB Jason Castro
|
0-0: Ball 1-0: Ball 2-0: Fly out, F9 (Flyball, 89S)
|
Batting: LHB Brennon Lund
|
0-0: Ball 1-0: Fly out, F9 (Line Drive, 9)
|
Pinch Hitting: RHB Jose Bautista
|
0-0: Ball 1-0: Swinging Strike 1-1: Ball 2-1: Ball 3-1: Called Strike 3-2: DOUBLE (Line Drive, 7LM)
|
Batting: SHB Yoan Moncada
|
0-0: Foul Ball, location: 2F 0-1: DOUBLE (Line Drive, 3D) Jose Bautista scores
|
Batting: RHB Paul DeJong
|
0-0: Foul Ball, location: 2F 0-1: Ball 1-1: Foul Ball, location: 2F 1-2: Ball 2-2: Fly out, F8 (Flyball, 8RD)
|
Bottom of the 7th over - 2 runs, 3 hits, 0 errors, 1 left on base; Colorado 2 - Chicago 4 |
TOP OF THE 8TH |
Colorado Rockies batting - Pitching for Chicago Cubs : RHP Andrew Cashner
|
Pitching: RHP Nick Burdi
|
|
Batting: RHB Brett Lawrie
|
0-0: Called Strike 0-1: Called Strike 0-2: Ball 1-2: Strikes out swinging
|
Batting: LHB Nick Markakis
|
0-0: Foul Ball, location: 2F 0-1: Ball 1-1: Ball 2-1: Foul Ball, location: 2F 2-2: Foul Ball, location: 2F 2-2: Ball 3-2: Ground out 4-3 (Groundball, 4D)
|
Batting: RHB Mike Trout
|
0-0: Ball 1-0: Foul Ball, location: 2F 1-1: Ball 2-1: Ball 3-1: Foul Ball, location: 2F 3-2: Fly out, F2 (Popup, 23F)
|
Top of the 8th over - 0 runs, 0 hits, 0 errors, 0 left on base; Colorado 2 - Chicago 4 |
BOTTOM OF THE 8TH |
Chicago Cubs batting - Pitching for Colorado Rockies : RHP Tom Eshelman
|
Batting: LHB Cody Bellinger
|
0-0: Foul Ball, location: 2F 0-1: Ball 1-1: Fly out, F9 (Flyball, 9)
|
Batting: RHB Justin Upton
|
0-0: Swinging Strike 0-1: Swinging Strike 0-2: Strikes out swinging
|
Batting: RHB Zack Cozart
|
0-0: Ball 1-0: Ball 2-0: Foul Ball, location: 2F 2-1: Foul Ball, location: 2F 2-2: Foul Ball, location: 2F 2-2: Foul Ball, location: 2F 2-2: Foul Ball, location: 2F 2-2: Reached on error, E5 (Groundball, 5S)
|
Batting: RHB Stephen Piscotty
|
0-0: Called Strike 0-1: Foul Ball, location: 2F 0-2: Strikes out swinging
|
Bottom of the 8th over - 0 runs, 0 hits, 1 error, 1 left on base; Colorado 2 - Chicago 4 |
TOP OF THE 9TH |
Colorado Rockies batting - Pitching for Chicago Cubs : RHP Nick Burdi
|
Pitching: RHP Roberto Osuna
|
|
Now in RF: Willson Contreras
|
|
Batting: LHB Tommy La Stella
|
0-0: Foul Ball, location: 2F 0-1: Foul Ball, location: 2F 0-2: Strikes out swinging
|
Batting: RHB Jordy Mercer
|
0-0: Ball 1-0: Ball 2-0: DOUBLE (Line Drive, 89M)
|
Batting: LHB Jake Bauers
|
0-0: Swinging Strike 0-1: Foul Ball, location: 2F 0-2: Ball 1-2: Ball 2-2: Foul Ball, location: 2F 2-2: Foul Ball, location: 2F 2-2: Ball 3-2: Strikes out swinging
|
Batting: RHB Bryce Brentz
|
0-0: Ball 1-0: Foul Ball, location: 2F 1-1: Ball 2-1: Ball 3-1: Called Strike 3-2: SINGLE (Groundball, 6S) (infield hit) Jordy Mercer to third
|
Batting: SHB Sandy Leon
|
0-0: Ball 1-0: Ball 2-0: Called Strike 2-1: SINGLE (Line Drive, 7S) Jordy Mercer scores Bryce Brentz to second
|
Pinch Hitting: RHB Martin Prado
|
0-0: Called Strike 0-1: Called Strike 0-2: Ground out 4-3 (Groundball, 4)
|
Top of the 9th over - 1 run, 3 hits, 0 errors, 2 left on base; Colorado 3 - Chicago 4 |
|